 Dungeon Crawl Stone Soup version 0.17-a0-6048-gac2d693 (webtiles) character file.

255 Carmel the Slasher (level 5, -3/41 HPs)
             Began as a Demonspawn Fighter on Jan 17, 2017.
             Was an Initiate of Wundvrond.
             Slain by an ogre
             ... wielding a +0 giant club
              (14 damage)
             ... on level 4 of the Dungeon.
             The game lasted 00:09:20 (3563 turns).

Carmel the Slasher (Demonspawn Fighter)             Turns: 3563, Time: 00:09:20

Health: -3/41      AC: 13    Str: 16    XL:     5   Next: 91%
Magic:  5/5        EV:  2    Int: 10    God:    Wundvrond [......]
Gold:   211        SH:  9    Dex: 13    Spells: 0 memorised, 4 levels left

rFire  + . .     SeeInvis .     a - +0 long sword
rCold  . . .     Gourm    .     v - +0 plate armour
rNeg   . . .     Faith    .     c - +0 shield
rPois  +         Spirit   .     (no helmet)
rElec  .         Reflect  .     (no cloak)
rCorr  .         Harm     .     (no gloves)
MR     .....                    (no boots)
Stlth  ..........               (no amulet)
                                u - ring of poison resistance
                                x - ring of protection from fire

@: no status effects
A: talons 1, icy blue scales 1
a: Renounce Religion


You were on level 4 of the Dungeon.
You worshipped Wundvrond.
Wundvrond was noncommittal.
You were very hungry.

You visited 2 branches of the dungeon, and saw 5 of its levels.

You collected 211 gold pieces.

Inventory:

Hand Weapons
 a - a +0 long sword (weapon)
Armour
 b - a +0 scale mail
 c - a +0 shield (worn)
 v - a +0 plate armour (worn)
Jewellery
 p - a +4 ring of intelligence
 r - an uncursed ring of see invisible {unknown}
 u - a ring of poison resistance (right hand)
 x - a ring of protection from fire (left hand)
Scrolls
 e - a scroll of immolation {unknown}
 o - 4 scrolls of remove curse {unknown}
 y - a scroll of identify {unknown}
Potions
 d - 3 potions of might
 h - a potion of berserk rage {unknown}
 j - a potion of heal wounds {unknown}
 l - 5 potions of curing {unknown}
 m - 2 potions of mutation {unknown}
 n - a potion of cure mutation {unknown}
 s - a potion of flight {unknown}
 t - a potion of magic {unknown}
 w - a potion of haste {unknown}
 A - 2 potions of agility {unknown}
Comestibles
 f - a bread ration
 g - a fruit
 i - 3 beef jerkies
 k - 2 meat rations
 q - 2 royal jellies


   Skills:
 + Level 3.6 Fighting
 * Level 4.1 Long Blades
 + Level 3.0 Armour
 + Level 0.8 Dodging
 + Level 3.9 Shields


You had 4 spell levels left.
You didn't know any spells.

Dungeon Overview and Level Annotations

Branches:
Dungeon (4/15)             Temple (1/1) D:4

Altars:
Cheibriados
Dithmenos
Elyvilon
Fedhas
Gozag
Hepliaklqana
Kikubaaqudgha
Makhleb
Okawaru
Ru
Vehumet Wundvrond
Yredelemnul


Innate Abilities, Weirdness & Mutations

You have sharp toenails.
You are partially covered in icy blue scales. (AC +2)


Message History

The iguana hisses menacingly.
Your plate armour prevents you from hitting the ogre.
The ogre hits you with a giant club!
You hit the ogre but do no damage. You claw the ogre, but do no damage.
The ogre hits you with a giant club.
A worker ant zombie comes into view.
You slash the ogre! You claw the ogre, but do no damage.
The ogre is moderately wounded.
The ogre hits you with a giant club!!
* * * LOW HITPOINT WARNING * * *
A jackal comes into view.
The jackal barks!
You are too injured to fight recklessly!
You are too injured to fight recklessly!
You are too injured to fight recklessly!
You are too injured to fight recklessly!
An adder and a jackal come into view.
The adder hisses angrily.
The jackal barks!
The ogre hits you with a giant club!
You die...

.................#
.###...########.#
#....# #.# #....#
#.# #.#### #.####
#.# #.....
##'######## ##....
#..ยง..%...#####....
+.@.......+........
#O........######.##
.....l..........#
#.##
.#...#..........#
#.## ...Z
##.h....%..# ###'##
... .....######
#....# .. .hS#..#
#....# . ._..##.#
#....# ).).# .#
####'#


You could see an ogre, an iguana, an adder, a worker ant zombie and 2 jackals.

Vanquished Creatures
  A crimson imp (D:4)
  A hound (D:3)
  7 adders
  A gnoll (D:1)
  An ooze (D:2)
  An adder skeleton (D:4)
  2 worms
  4 dart slugs
  4 leopard geckos
  5 orcs
  A ball python (D:3)
  8 giant cockroaches
  7 goblins
  11 hobgoblins
  10 jackals
  11 kobolds
  5 bats
  5 frilled lizards
  6 rats
91 creatures vanquished.

Notes
Turn   | Place    | Note
-------+----------+-------------------------------------------
     0 | D:1      | Carmel the Demonspawn Fighter began the quest for the Orb.
     0 | D:1      | Reached XP level 1. HP: 18/18 MP: 1/1
   209 | D:1      | Reached skill level 2 in Long Blades
   213 | D:1      | Gained mutation: You are partially covered in icy blue scales. (AC +2) [demonic ancestry]
   213 | D:1      | Reached XP level 2. HP: 15/24 MP: 2/2
   678 | D:1      | Reached XP level 3. HP: 26/29 MP: 3/3
  1375 | D:2      | Gained mutation: You have sharp toenails. [demonic ancestry]
  1375 | D:2      | Reached XP level 4. HP: 35/35 MP: 4/4
  1393 | D:2      | Found a blossoming altar of Fedhas.
  1430 | D:2      | Reached skill level 3 in Long Blades
  2045 | D:3      | Reached XP level 5. HP: 23/41 MP: 5/5
  2285 | D:3      | Found a shadowy altar of Dithmenos.
  2702 | D:4      | Reached skill level 4 in Long Blades
  2942 | D:4      | Found a staircase to the Ecumenical Temple.
  3228 | Temple   | Entered the Ecumenical Temple
  3238 | Temple   | Became a worshipper of Wundvrond
  3554 | D:4      | Noticed an ogre
  3556 | D:4      | Found an iron altar of Okawaru.
  3563 | D:4      | Slain by an ogre

Vault maps used:
D:1:      dpeg_arrival_circle_labyrinth_c, serial_bayou_crossing
D:2:      fedhas_altar_1, roderic_whirl, minivault_19
D:3:      grunt_dithmenos_smoke_and_mirrors
D:4:      lemuel_upstairs_altar, okawaru_ov_weapons_minmay, first_bread
Temple:   dpeg_chambers_temple

Skill      XL: |  1  2  3  4  5 |
---------------+----------------+-----
Long Blades    | 2 3 4 |  4.1
Shields        | 3 |  3.9
Armour         | 3 |  3.0
Fighting       | |  3.6
Dodging        | |  0.8

Action                   |  1- 3 |  4- 6 || total
-------------------------+-------+-------++-------
Melee: Long sword        |   145 |   255 ||   400
       Kick              |       |    57 ||    57
  Eat: Chunk             |     2 |     6 ||     8
Armor: Scale mail        |    84 |    66 ||   150
       Plate armour      |       |    69 ||    69
Dodge: Dodged            |    45 |    57 ||   102
Block: Shield            |    92 |   132 ||   224
       Rpst.: Long sword |    21 |    16 ||    37
